 Dungeon Crawl Stone Soup version 0.28.0-45-g0d030f2227 (webtiles) character file.

Game seed: 14119232330956356359

597 Vogrul the Skirmisher (level 7, 0/63 HPs)
             Began as a Hill Orc Fighter on Apr 7, 2022.
             Slain by a yak (4 damage)
             ... on level 4 of the Dungeon.
             The game lasted 00:14:26 (3774 turns).

Vogrul the Skirmisher (Hill Orc Fighter)            Turns: 3774, Time: 00:14:26

Health: 0/63       AC:  9    Str: 21    XL:     7   Next: 40%
Magic:  7/7        EV: 10    Int:  8    God:
Gold:   133        SH:  4    Dex: 10    Spells: 6/6 levels left

rFire   . . .      SeeInvis .   a - +0 war axe
rCold   . . .      Faith    .   c - +0 buckler
rNeg    . . .      Spirit   .   b - +0 scale mail
rPois   .          Reflect  .   h - +0 helmet
rElec   .          Harm     .   (no cloak)
rCorr   .          Rampage  .   (no gloves)
Will    .....                   p - +0 pair of boots
Stlth   ..........              (no amulet)
HPRegen 0.20/turn               (no ring)
MPRegen 0.10/turn               (no ring)

@: no status effects
A: no striking features
a: no special abilities


You were on level 4 of the Dungeon.
You visited 1 branch of the dungeon, and saw 4 of its levels.

You collected 133 gold pieces.


   Skills:
 + Level 6.0 Fighting
 + Level 5.9 Axes
 - Level 4.8 Armour
 + Level 3.1 Dodging
 - Level 3.2 Shields


You had 6 spell levels left.
You didn't know any spells.
Your spell library contained the following spells:

 Spells                   Type           Power      Damage    Failure   Level
 Beastly Appendage        Tmut           0%         N/A       83%         1
 Corpse Rot               Necr/Air       0%         N/A       92%         2
 Poisonous Vapours        Pois/Air       0%         N/A       92%         2
 Wereblood                Tmut           0%         N/A       92%         2
 Spider Form              Tmut/Pois      0%         N/A       99%         3


Dungeon Overview and Level Annotations

Branches:
Dungeon (4/15)
 Temple: D:4-7

Altars:
Gozag
Nemelex Xobeh
Trog

Shops:
D:2 :

Inventory:

Hand Weapons
 a - a +0 war axe (weapon)
 s - the +5 trident of Moral Flaws {vorpal, rElec rC+ Str+2 Int-4}
   (You found it on level 3 of the Dungeon)

   It inflicts extra damage upon your enemies.
   Str:       It affects your strength (+2).
   Int:       It affects your intelligence (-4).
   rC:        It protects you from cold.
   rElec:     It insulates you from electricity.
Missiles
 i - 70 arrows
Armour
 b - a +0 scale mail (worn)
 c - a +0 buckler (worn)
 h - a +0 helmet (worn)
   (You found it on level 1 of the Dungeon)
 p - a +0 pair of boots (worn)
   (You found it on level 3 of the Dungeon)
Magical Staves
 k - a staff of earth {!a}
   (You found it on level 2 of the Dungeon)
Wands
 m - a wand of flame (39)
   (You found it on level 2 of the Dungeon)
Scrolls
 g - a scroll of enchant armour {unknown}
 j - a scroll of fog
 l - a scroll of enchant weapon
 n - a scroll of immolation {unknown}
 q - a scroll of fear {unknown}
 t - 2 scrolls of teleportation {unknown}
 u - a scroll of vulnerability {unknown}
Potions
 d - a potion of might
 f - 2 potions of haste {@q3}
 o - 5 potions of curing {@q1}
 r - a potion of lignification {!q}

Y..'<.# # o.'#.# # #. #.o..#
#.# #.
#....#.#.####.#################
#....#>........................
#)...'.........................
#....#.# ##.#YYo.###########.
#'#...# #o#Y##.#### #. #.#.###
#.@Y.#....## #. #.#.###
########.....# #. #.#...#
...#####Y...# #.
###.#'#.######.##.Y'....# #.
#.......##......#Y##....## #.
#......###.#.##.#)##.....# #.
#......#.....##.#)##.....# ##
#......#....##..Y.##.....#
#.....>'....'Y....##.....#


You could see 4 yaks and 2 orcs.


Message History

You kill the yak!
Your Fighting skill increases to level 6!
Your Dodging skill increases to level 3!
You hit the yak but do no damage. The yak gores you but does no damage.
You block the yak's attack.
You hit the yak but do no damage. The yak gores you but does no damage.
You slash the yak!
The yak is moderately wounded.
The yak gores you.
You hit the yak but do no damage.
The yak is moderately wounded.
The yak gores you!
* * * LOW HITPOINT WARNING * * *
You hit the yak but do no damage.
The yak is moderately wounded.
The yak gores you!
* * * LOW HITPOINT WARNING * * *
The yak barely misses you.
You slash the yak!
The yak is heavily wounded.
The yak gores you!
* * * LOW HITPOINT WARNING * * *
You hit the yak.
The yak is heavily wounded.
The yak gores you.
* * * LOW HITPOINT WARNING * * *
You hit the yak.
The yak is heavily wounded.
The yak gores you but does no damage.
There is a large open door here.
There is a large open door here.
Items here: )))) รท.
You see here a +0 club.
There is an open door here.
The yak barely misses you.
The orc shouts!
The orc shouts!
The orc hits you from afar with a +0 trident.
* * * LOW HITPOINT WARNING * * *
You barely miss the orc. You completely miss the yak.
You block the orc's attack. The orc hits you but does no damage.
The yak barely misses you. The orc hits you but does no damage.
You closely miss the orc. You hit the yak.
The orc hits you from afar with a +0 trident.
* * * LOW HITPOINT WARNING * * *
The yak gores you but does no damage. The orc hits you with a +0 club.
* * * LOW HITPOINT WARNING * * *
You completely miss the orc. You hit the yak. The orc closely misses you.
The yak gores you.
You die...

Levels and vault maps discovered:
D:1:      tarquinn_simple_flora_water_b, layout_rooms,
          shapermc_ecumenical_altar_venn, skrybe_limestone_x, solitary_fountain,
          minmay_curled_crystal, minmay_lizard_pond
D:2:      layout_loops_corners, serial_shops, nicolae_shop_behind_doors,
          minmay_misc_feat_iff, uniq_terence
D:3:      layout_rooms, mainiacjoe_overflow_small_starburst
D:4:      layout_basic, nemelex_dance_club_becter, mainiacjoe_overflow_brackets,
          serial_shops, shop

Vanquished Creatures
  A yak (D:4)
  A water moccasin skeleton (D:3)
  A hound (D:4)
  A jelly (D:4)
  2 orc priests (D:4)
  Terence (D:2)
  An orc wizard (D:4)
  A hound skeleton (D:4)
  6 adders
  7 gnolls
  An ufetubus (D:4)
  2 worms (D:3)
  3 dart slugs
  6 orcs (D:4)
  7 bats
  5 endoplasms
  3 giant cockroaches
  8 goblins
  4 hobgoblins
  3 quokkas
  9 ball pythons
  11 frilled lizards
  4 kobolds
  4 rats (D:1)
92 creatures vanquished.

Vanquished Creatures (others)
  2 plants (D:1)
2 creatures vanquished.

Grand Total: 94 creatures vanquished

Table legend: (Time is in decaauts)
 A = Elapsed time spent in this place.
 B = Non-inter-level travel time spent in this place.
 C = Inter-level travel time spent in this place.
 D = Time resting spent in this place.
 E = Time spent auto-exploring this place.
 F = Levels seen in this place.
 G = Mean time per level.
                   A        B        C        D        E       F      G
               +--------+--------+--------+--------+--------+-----+--------+
         Total |   3882 |   3839 |     43 |    361 |   2029 |   4 |  970.5 |
       Dungeon |   3882 |   3839 |     43 |    361 |   2029 |   4 |  970.5 |
               +--------+--------+--------+--------+--------+-----+--------+

Top non-repeatable levels by time:
     D:2: 1565 daAuts
     D:4: 1097 daAuts
     D:1: 685 daAuts
     D:3: 533 daAuts

Table legend:
 A = Kills in this place as a percentage of kills in entire the game.
 B = Kills by you in this place as a percentage of kills by you in the entire game.
 C = Kills by friends in this place as a percentage of kills by friends in the entire game.
 D = Other kills in this place as a percentage of other kills in the entire game.
 E = Experience gained in this place as a percentage of experience gained in the entire game.
 F = Experience gained in this place divided by the number of levels of this place that you have seen.
                   A       B       C       D       E      F
               +-------+-------+-------+-------+-------+----------------------
         Total | 100.0 | 100.0 |   N/A |   N/A | 100.0 | 213.2
       Dungeon | 100.0 | 100.0 |   N/A |   N/A | 100.0 | 213.2
               +-------+-------+-------+-------+-------+----------------------

Notes
Turn   | Place    | Note
-------+----------+-------------------------------------------
     0 | D:1      | Vogrul the Hill Orc Fighter began the quest for the Orb.
     0 | D:1      | Reached XP level 1. HP: 19/19 MP: 1/1
    35 | D:1      | Reached XP level 2. HP: 27/27 MP: 2/2
    39 | D:1      | Reached skill level 3 in Axes
   304 | D:1      | Found a faded altar of an unknown god.
   340 | D:1      | Reached skill level 4 in Fighting
   371 | D:1      | Reached XP level 3. HP: 24/33 MP: 3/3
   529 | D:1      | Reached skill level 1 in Dodging
   738 | D:2      | Reached XP level 4. HP: 23/40 MP: 4/4
  1361 | D:2      | Reached skill level 4 in Armour
  1701 | D:2      | Reached skill level 4 in Axes
  1849 | D:2      | Noticed Terence
  1862 | D:2      | Killed Terence
  1863 | D:2      | Reached XP level 5. HP: 31/47 MP: 5/5
  1996 | D:2      | Found Nitzic's Book Shop.
  2240 | D:3      | Found a bloodstained altar of Trog.
  2282 | D:3      | Identified the +5 trident of Moral Flaws {vorpal, rElec rC+
                  | Str+2 Int-4}
  2392 | D:3      | Reached skill level 2 in Dodging
  2713 | D:4      | Reached skill level 5 in Fighting
  2743 | D:4      | Reached XP level 6. HP: 39/56 MP: 6/6
  2853 | D:4      | Found an opulent altar of Gozag.
  3104 | D:4      | Found a sparkling altar of Nemelex Xobeh.
  3111 | D:4      | Reached skill level 5 in Axes
  3428 | D:4      | HP: 13/56 [gnoll/+0 spear (3)]
  3432 | D:4      | HP: 4/56 [gnoll/+0 spear (7)]
  3440 | D:4      | Reached XP level 7. HP: 24/61 MP: 7/7
  3705 | D:4      | Noticed a yak
  3710 | D:4      | Noticed a yak
  3727 | D:4      | Noticed a yak
  3728 | D:4      | Noticed a yak
  3729 | D:4      | Noticed a yak
  3733 | D:4      | Killed a yak
  3734 | D:4      | Reached skill level 6 in Fighting
  3734 | D:4      | Reached skill level 3 in Dodging
  3738 | D:4      | HP: 13/63 [yak (8)]
  3739 | D:4      | HP: 5/63 [yak (8)]
  3770 | D:4      | HP: 8/63 [orc/+0 trident (1)]
  3774 | D:4      | Slain by a yak

Action                   |  1- 3 |  4- 6 |  7- 9 || total
-------------------------+-------+-------+-------++-------
Melee: War axe           |    89 |   206 |    28 ||   323
  Use: Scroll            |     3 |     3 |       ||     6
       Potion            |       |     1 |       ||     1
Armor: Scale mail        |    45 |   131 |    10 ||   186
Dodge: Dodged            |    43 |   116 |    11 ||   170
Block: Buckler           |    20 |    53 |     3 ||    76
